 Dungeon Crawl Stone Soup version 0.20.0-8-g6b59dc7 (webtiles) character file.

417 JeffiDaFish the Shield-Bearer (level 6, -1/34 HPs)
             Began as a Gargoyle Fighter on May 30, 2017.
             Slain by an ogre
             ... wielding a +0 giant club
              (13 damage)
             ... on level 4 of the Dungeon.
             The game lasted 00:06:05 (3016 turns).

JeffiDaFish the Shield-Bearer (Gargoyle Fighter)    Turns: 3016, Time: 00:06:06

Health: -1/34      AC: 17    Str: 20    XL:     6   Next: 93%
Magic:  5/5        EV:  6    Int:  8    God:
Gold:   160        SH: 11    Dex: 11    Spells: 5/5 levels left

rFire    + . .     SeeInvis .   a - +0 war axe
rCold    . . .     Gourm    .   c - +1 shield
rNeg     + . .     Faith    .   o - +0 chain mail
rPois    ∞         Spirit   .   e - +2 helmet
rElec    +         Reflect  .   (no cloak)
rCorr    .         Harm     .   (no gloves)
MR       .....     Clarity  +   (no boots)
Stlth    ..........             (no amulet)
Regen    0.2/turn               h - ring of protection from fire
MPRegen  0.1/turn               (no ring)

@: no status effects
A: blink, clarity, frail 1, low mp 1, negative energy resistance 1, electricity
resistance, unbreathing, petrification resistance, rot immunity, AC +4
a: Blink


You were on level 4 of the Dungeon.
You were not hungry.

You visited 1 branch of the dungeon, and saw 4 of its levels.

You collected 160 gold pieces.

Inventory:

Hand Weapons
 a - a +0 war axe (weapon)
Armour
 c - a +1 shield (worn)
 e - a +2 helmet (worn)
 o - a +0 chain mail (worn)
Jewellery
 h - a ring of protection from fire (left hand)
Scrolls
 i - 2 scrolls of identify
 j - a scroll of recharging
 m - 3 scrolls of remove curse
 p - a scroll of teleportation
Potions
 l - 3 potions of agility
 q - a potion of flight
Comestibles
 b - 10 fruits
 f - a bread ration
 k - a royal jelly


   Skills:
 + Level 4.0 Fighting
 + Level 4.1 Axes
 + Level 4.4 Armour
 + Level 1.0 Dodging
 + Level 0.2 Stealth
 + Level 5.3 Shields


You had 5 spell levels left.
You didn't know any spells.

Dungeon Overview and Level Annotations

Branches:
Dungeon (4/15)
 Temple: D:4-7

Altars:
Ashenzari
Kikubaaqudgha


Innate Abilities, Weirdness & Mutations

You are resistant to torment.
Your stone body is resilient. (AC +4)
You are immune to poison.
You resist negative energy. (rN+)
You are resistant to electric shocks. (rElec)
You can survive without breathing.
You are immune to petrification.
You are immune to rotting.
You can translocate small distances at will.
You possess an exceptional clarity of mind.
You are frail. (-10% HP)
Your magical capacity is low. (-10% MP)


Message History

The ogre hits you with a giant club!!
Ouch! That really hurt!
You are too injured to fight recklessly!
You are too injured to fight recklessly!
You are too injured to fight recklessly!
You are too injured to fight recklessly!
You barely miss the ogre. The ogre closely misses you.
You barely miss the ogre. The ogre barely misses you.
Your chain mail prevents you from hitting the ogre.
The ogre hits you but does no damage.
You hit the ogre.
The ogre is lightly wounded.
The ogre hits you with a giant club.
You slash the ogre!
The ogre is heavily wounded.
The ogre hits you but does no damage.
You hit the ogre.
The ogre is severely wounded.
The ogre hits you with a giant club!
You die...

#... # #..#
#.#..# ##.#..#
.....#
#####...#####.#
.......O.......
########@#####>.
.......)........
######...######
#............
#.##.....####
#.##.....#
#........# ##
#.#####.#...#...
#..............


You could see an ogre.

Vanquished Creatures
  Duvessa (D:4)
  Dowan (D:4)
  An orc priest (D:3)
  Jessica (D:2)
  A worker ant (D:4)
  8 gnolls
  2 adders (D:2)
  2 oozes
  2 worms
  2 dart slugs
  2 leopard geckos
  4 orcs (D:3)
  A giant cockroach (D:2)
  9 goblins
  4 hobgoblins (D:2)
  4 jackals (D:4)
  A quokka (D:3)
  7 bats
  3 frilled lizards
  9 kobolds
  10 rats
75 creatures vanquished.

Notes
Turn   | Place    | Note
-------+----------+-------------------------------------------
     0 | D:1      | JeffiDaFish the Gargoyle Fighter began the quest for the Orb.
     0 | D:1      | Reached XP level 1. HP: 14/14 MP: 1/1
    67 | D:1      | Reached XP level 2. HP: 18/19 MP: 2/2
   150 | D:1      | Gained mutation: Your magical capacity is low. (-10% MP) [potion of mutation]
   150 | D:1      | Gained mutation: You are frail. (-10% HP) [potion of mutation]
   150 | D:1      | Gained mutation: You possess an exceptional clarity of mind. [potion of mutation]
   150 | D:1      | Gained mutation: You can translocate small distances at will. [potion of mutation]
   680 | D:2      | Reached XP level 3. HP: 11/20 MP: 2/2
   916 | D:2      | Reached XP level 4. HP: 22/25 MP: 3/3
  1173 | D:2      | Found a shattered altar of Ashenzari.
  1343 | D:2      | Noticed Jessica
  1348 | D:2      | Killed Jessica
  1348 | D:2      | Reached skill level 4 in Shields
  1348 | D:2      | Reached XP level 5. HP: 29/29 MP: 4/4
  1758 | D:3      | Found an ancient bone altar of Kikubaaqudgha.
  2606 | D:3      | Reached XP level 6. HP: 25/34 MP: 5/5
  2674 | D:4      | Noticed Duvessa
  2674 | D:4      | Noticed Dowan
  2701 | D:4      | Killed Duvessa
  2701 | D:4      | Reached skill level 5 in Shields
  2716 | D:4      | Killed Dowan
  2716 | D:4      | Reached skill level 1 in Dodging
  3016 | D:4      | Slain by an ogre

Skill      XL: |  1  2  3  4  5  6 |
---------------+-------------------+-----
Axes           | 2 3 4 |  4.1
Armour         | 4 |  4.4
Shields        | 4 5 |  5.3
Fighting       | 4 |  4.0
Dodging        | 1 |  1.0
Stealth        | |  0.2

Action                   |  1- 3 |  4- 6 || total
-------------------------+-------+-------++-------
Melee: War axe           |    90 |   190 ||   280
  Use: Potion            |     7 |     4 ||    11
       Scroll            |     5 |     5 ||    10
  Eat: Chunk             |       |     7 ||     7
Armor: Scale mail        |    67 |    19 ||    86
       Chain mail        |       |   110 ||   110
Dodge: Dodged            |    34 |    56 ||    90
Block: Shield            |    63 |   119 ||   182
